 Dungeon Crawl Stone Soup version 0.17-a0-2118-g63bad21 (webtiles) character file.

12418917 comborobin the Ruinous (level 27, 279/279 HPs)
             Began as a Yellow Draconian Wizard on Oct 18, 2015.
             Was the Champion of Kikubaaqudgha.
             Escaped with the Orb
             ... and 15 runes on Oct 20, 2015!
             The game lasted 14:08:54 (130369 turns).

comborobin the Ruinous (Yellow Draconian Wizard)  Turns: 130369, Time: 14:08:54

Health: 279/279    AC: 23    Str: 15    XL:     27
Magic:  62/62      EV: 21    Int: 32    God:    Kikubaaqudgha [******]
Gold:   11171      SH: 18    Dex: 12    Spells: 17 memorised, 2 levels left

rFire  + + +     SeeInvis .     M - +9 demon trident (flame)
rCold  + . .     Clarity  +     (armour unavailable)
rNeg   + + +     SustAt   .     l - +5 shield {reflect}
rPois  +         Gourm    .     e - -2 hat of the Alchemist {rElec rPois rF+ rC+ rN+ MR+ rMut rCorr}
rElec  +         Spirit   .     A - +4 dragonskin cloak
rCorr  +         Warding  +     I - +2 pair of gloves {Dex+3}
rMut   +         Stasis   .     y - +2 pair of boots {Fly}
MR     +++..                    G - amulet of warding
Stlth  ++........               X - ring "Vuunavy" {rF+ rN+ MP+9 Str+3 Dex-3}
                                w - ring of the Octopus King {rF+ AC+1 EV+1 Str+1 Int+1 Dex+1}

@: flying, repel missiles, extremely resistant to hostile enchantments,
unstealthy
A: spit acid, acid resistance, unfitting armour, talons 1, blink, clarity,
clever 1, mutation resistance 2, robust 1, acidic bite, cold-blooded, AC +13
a: Spit Acid, Blink, Receive Corpses, Torment, Renounce Religion, Stop Flying
0: Orb of Zot
}: 15/15 runes: serpentine, barnacled, slimy, silver, golden, iron, obsidian,
icy, bone, abyssal, demonic, glowing, magical, fiery, dark


You escaped.
You worshipped Kikubaaqudgha.
Kikubaaqudgha was exalted by your worship.
You were full.

You visited 18 branches of the dungeon, and saw 95 of its levels.
You visited Pandemonium 3 times, and saw 30 of its levels.
You visited the Abyss 5 times.
You visited 1 ziggurat, and saw 9 of its levels.
You also visited: Ossuary, Ice Cave and Wizlab.

You collected 18824 gold pieces.
You spent 7653 gold pieces at shops.

Inventory:

Hand Weapons
 C - the +4 Staff of Dispater
   (You took it off Dispater on level 7 of the Iron City of Dis)
 M - a +9 demon trident of flaming (weapon)
 V - a +9 demon trident of piercing
Missiles
 x - 14 throwing nets (quivered)
Armour
 e - the -2 hat of the Alchemist (worn) {rElec rPois rF+ rC+ rN+ MR+ rMut rCorr}
   (You found it on level 5 of the Vaults)

   It protects you from fire.
   It protects you from cold.
   It insulates you from electricity.
   It protects you from poison.
   It protects you from negative energy.
   It affects your resistance to hostile enchantments.
   It protects you from acid and corrosion.
   It protects you from mutation.
 l - a +5 shield of reflection (worn)
 y - a +2 pair of boots of flying (worn)
 A - the +4 dragonskin cloak (worn)
   (You took it off Tiamat on level 3 of the Realm of Zot)
 I - a +2 pair of gloves of dexterity (worn)
Magical Staves
 L - an uncursed staff of wizardry
Jewellery
 m - the ring "Taam Iff" {rPois Slay+5}
   (You took it off a yaktaur on level 5 of the Vaults)

   [ring of slaying]

   It affects your accuracy and damage with ranged weapons and melee attacks
   (+5).
   It protects you from poison.
 v - the ring of Greed {SustAt Int+4}
   (You found it on level 3 of the Realm of Zot)

   [ring of sustain attributes]

   It sustains your strength, intelligence and dexterity.
   It affects your intelligence (+4).
 w - a ring of the Octopus King (left hand) {rF+ AC+1 EV+1 Str+1 Int+1 Dex+1}
   (You took it off a deep elf annihilator on level 3 of the Elven Halls)

   [ring of protection from fire]

   It affects your AC (+1).
   It affects your evasion (+1).
   It affects your strength (+1).
   It affects your intelligence (+1).
   It affects your dexterity (+1).
   It protects you from fire.
 B - the ring "Sidoxica" {Dex+3 SInv}
   (You found it on level 4 of the Shoals)

   [ring of see invisible]

   It affects your dexterity (+3).
   It lets you see invisible.
 G - an amulet of warding (around neck)
 H - the ring of Wamas {+/*Tele rF+ rN+ MP+9 Int+4}
   (You found it on level 7 of the Iron City of Dis)

   [ring of teleportation]

   It may teleport you to nearby monsters, and can be evoked to randomly
   teleport.
   It affects your intelligence (+4).
   It protects you from fire.
   It protects you from negative energy.
   It affects your magic capacity (+9).
 X - the ring "Vuunavy" (right hand) {rF+ rN+ MP+9 Str+3 Dex-3}
   (You took it off a deep elf death mage on level 3 of the Elven Halls)

   [ring of protection from fire]

   It affects your strength (+3).
   It affects your dexterity (-3).
   It protects you from fire.
   It protects you from negative energy.
   It affects your magic capacity (+9).
Wands
 d - a wand of teleportation (9)
 h - a wand of disintegration (0)
 p - a wand of invisibility (3)
 u - a wand of heal wounds (4)
 z - a wand of hasting (4)
 R - a wand of digging (13)
Scrolls
 f - 18 scrolls of identify
 g - 28 scrolls of remove curse
 j - 5 scrolls of fog
 n - 2 scrolls of amnesia
 K - 10 scrolls of blinking
 O - 3 scrolls of recharging
 Z - 9 scrolls of holy word
Potions
 a - 7 potions of cure mutation
 i - 2 potions of magic
 k - 6 potions of brilliance
 o - 12 potions of might
 q - 9 potions of agility
 E - a potion of haste
 F - 23 potions of curing
 S - 4 potions of resistance
 U - 6 potions of invisibility
 W - 5 potions of cancellation
Miscellaneous
 b - a lamp of fire
 c - a box of beasts
 r - 7 phantom mirrors
 s - a phial of floods
 D - a legendary deck of defence {the Elixir, drawn: 1}
 N - a fan of gales
 P - a sack of spiders
 T - the horn of Geryon
Comestibles
 t - 10 meat rations


   Skills:
 + Level 22.2 Fighting
   Level 3.7 Maces & Flails
 + Level 19.3 Polearms
 + Level 15.8 Dodging
 - Level 10.5 Stealth
 - Level 15.3 Shields
 - Level 26.0 Spellcasting
 - Level 26.1 Conjurations
 - Level 5.3 Charms
   Level 1.0 Summonings
 - Level 20.8 Necromancy
 - Level 5.6 Translocations
 - Level 10.6 Fire Magic
 - Level 26.0 Ice Magic
 - Level 13.5 Earth Magic
 - Level 19.5 Evocations


You had 2 spell levels left.
You knew the following spells:

 Your Spells              Type           Power        Failure   Level  Hunger
a - Ozocubu's Armour      Chrm/Ice       #######.     0%          3    None
b - Blink                 Tloc           N/A          1%          2    None
c - Orb of Destruction    Conj           ########..   1%          7    None
d - Repel Missiles        Chrm/Air       ######       1%          2    None
e - Sublimation of Blood  Necr           ########..   0%          2    None
f - Glaciate              Conj/Ice       ########..   2%          9    ####...
g - Apportation           Tloc           ######....   1%          1    None
h - Bolt of Cold          Conj/Ice       ########..   0%          6    None
i - Animate Dead          Necr           N/A          0%          4    None
j - Dispel Undead         Necr           ########     0%          5    None
k - Passage of Golubria   Tloc           N/A          1%          4    None
l - Lee's Rapid Deconstr  Erth           #######...   1%          5    None
m - Bolt of Fire          Conj/Fire      ########..   1%          6    None
o - Regeneration          Chrm/Necr      #######...   0%          3    None
p - Iron Shot             Conj/Erth      ########..   1%          6    None
q - Spectral Weapon       Hex/Chrm       ######..     1%          3    None
B - Borgnjor's Revivific  Necr           ########..   1%          8    #......


Dungeon Overview and Level Annotations

Branches:
Dungeon (15/15)            Temple (1/1) D:4            Lair (8/8) D:11
 Shoals (4/4) Lair:6        Snake (4/4) Lair:3        Slime (6/6) Lair:6
    Orc (4/4) D:9             Elf (3/3) Orc:4        Vaults (5/5) D:13
  Crypt (3/3) Vaults:3       Tomb (3/3) Crypt:3      Depths (5/5) D:15
   Hell (1/1)                 Dis (7/7) Hell            Geh (7/7) Hell
    Coc (7/7) Hell            Tar (7/7) Hell            Zot (5/5) Depths:5

Altars:
Ashenzari
Cheibriados
Dithmenos
Elyvilon
Fedhas
Gozag
Kikubaaqudgha
Makhleb
Nemelex Xobeh
Okawaru
Qazlal
Ru
Sif Muna
Trog
Vehumet
Xom
Yredelemnul
Zin
The Shining One
Beogh
Jiyva
Lugonu

Shops:
D:5 (}   D:14 *?!   D:15 %(   Orc:4 }[(*[   Elf:1 }   Shoals:2 *   Vaults:1 (
Vaults:3 *%[!   Vaults:4 ?   Depths:1 (=*%[   Depths:3 [=*::*[!%

Portals:
Hell: Depths:1 Depths:2 Depths:3 Depths:4 Depths:5
Abyss: Depths:1 Depths:3 Depths:4 Depths:5
Pandemonium: Depths:2 Depths:3

Annotations:
Shoals:2 exclusion: downstairs
Slime:5 exclusion: upstairs
Elf:2 3 runed doors
Coc:7 exclusion: 2 ice statues, Antaeus


Innate Abilities, Weirdness & Mutations

You can spit globs of acid.
You are resistant to acid.
Your golden yellow scales are hard (AC +13).
Your body does not fit into most forms of armour.
You have acidic saliva.
You are cold-blooded and may be slowed by cold attacks.
You have sharp toenails.
You can translocate small distances at will.
You possess an exceptional clarity of mind.
Your mind is acute. (Int +2)
You are somewhat resistant to both further mutation and mutation removal.
You are robust (+10% HP).


Message History

A film of ice covers your body!
Your skin stops crawling.
Natasha, Servant of Life and Death comes into view.
You block Natasha's attack.
You puncture Natasha! You burn Natasha.
You kill Natasha!
Kikubaaqudgha accepts your kill.
Natasha screams in pain as she dies!
You see here the felid corpse of Natasha.
There is a stone staircase leading up here.
You start waiting.
A giant cockroach comes into view.
Unknown command.
You fly upwards.
There is a stone staircase leading down here.
Your icy armour starts to melt.
Your icy armour evaporates.
You see here a dagger.
There is a staircase leading out of the dungeon here.
You have escaped!

#...##.###................. ###
#.......................... #.#
#.###...#####.##........... #.#
##......#.###.###.######.... #.#
#......###.#.## #.# ##### #.#
#.###.## ##.## ##.# ##.# #.#
##.###.#.###.## ...# #.#
##.#.#.#.#.## ######### ##)# #.#
##.#.@)#.#####........ ...# #.#
##.#.#.#.#.##.'........
#..###.####.###.#.###.#.#........
...........## ##.## ##..#........
#.########## ##.#.## ####........
#.# ##.###.## #........ #.#
#.#####.#####........
#.###########...........'........
#.#.........#.###.#######........


There were no monsters in sight!

Vanquished Creatures
  Cerebov (Pan)
  Asmodeus (Geh:7)
  the royal jelly (Slime:6)
  Ereshkigal (Tar:7)
  Gloorx Vloq (Pan)
  the Serpent of Hell (Dis:7)
  A seraph (Pan)
  Mnoleg (Pan)
  Lom Lobon (Pan)
  Tiamat (Zot:3)
  Dispater (Dis:7)
  The ghost of glosham the Executioner, a legendary DDMo of Makhleb (Zot:5)
  4 orbs of fire (Zot:5)
  The ghost of mrath the Executioner, a legendary MiFi of Okawaru (Zot:5)
  15 ancient liches
  18 greater mummies
  Sojobo (Depths:1)
  Boris (twice) (Vaults:4 Vaults:5)
  Frederick (Vaults:4)
  Saint Roka (Orc:4)
  2 Killer Klowns
  Geryon (Hell)
  21 golden dragons
  3 caustic shrikes
  Jory (Vaults:4)
  12 Brimstone Fiends
  11 bone dragons
  2 pearl dragons (Pan)
  3 electric golems (Zot:5)
  12 liches
  A hellephant (Pan)
  Rupert (D:13)
  8 Hell Sentinels
  24 Orb Guardians
  23 tentacled monstrosities
  6 pandemonium lords
  4 Ice Fiends
  4 quicksilver dragons
  2 deep elf blademasters (Elf:3)
  2 deep elf master archers (Elf:3)
  26 acid blobs
  25 Executioners
  4 tentacled starspawn
  10 titans
  3 octopode crushers
  10 death cobs
  3 krakens
  The ghost of brucemayne the Executioner, an adept HOBe of Trog (Slime:6)
  13 Shadow Fiends
  Polyphemus (Shoals:2)
  An eldritch tentacle (Zot:5)
  17 sphinxes
  14 shadow dragons
  An ancient champion (Tomb:3)
  18 azure jellies
  3 revenants
  Roxanne (D:15)
  10 greater nagas
  5 tengu reavers
  Ilsuiw (Shoals:4)
  3 draconian monks
  14 daevas (Pan)
  Wiglaf (D:15)
  13 storm dragons
  13 frost giants
  Donald (D:13)
  2 chaos champions (Pan)
  2 draconian knights (Zot:3)
  Maud (D:13)
  The ghost of 4thArraOfDagon the Executioner, a journeyman MiFi of Makhleb (Shoals:2)
  8 deep elf sorcerers
  20 balrugs
  17 vault wardens
  9 draconian zealots
  3 draconian scorchers
  Louise (Shoals:3)
  8 iron dragons
  10 fire giants
  6 curse skulls
  6 warmongers (Pan)
  3 orc warlords
  20 ophanim (Pan)
  10 ghouls
  3 draconian shifters
  28 angels (Pan)
  2 ghost moths
  8 cacodemons
  8 draconian annihilators
  28 reapers
  16 ironheart preservers
  A spriggan defender (Depths:4)
  20 war gargoyles
  A caustic shrike skeleton (Crypt:1)
  12 very ugly things
  31 apis (Pan)
  20 stone giants
  8 deep elf demonologists
  9 salamander firebrands
  4 draconian callers
  Nessos (D:13)
  3 black suns (Pan)
  2 vampire knights
  14 bennus
  A corrupter (Pan)
  8 deep elf annihilators
  4 green draconians
  12 black draconians
  2 salamander stormcallers
  8 purple draconians
  10 lorocyprocas
  6 white draconians
  7 yellow draconians
  10 mottled draconians
  6 dire elephants (Lair:8)
  5 red draconians
  8 eidola
  13 green deaths
  38 vault guards
  Snorg (Lair:4)
  11 deep elf death magi
  20 ettins
  13 blizzard demons
  9 merfolk impalers
  4 crystal guardians (Abyss:3)
  A merfolk javelineer (Shoals:4)
  13 death oozes
  14 jiangshi
  3 quicksilver dragon zombies
  24 mummy priests
  5 deep elf high priests
  An ice dragon (shapeshifter) (Vaults:5)
  A quicksilver dragon skeleton (Crypt:3)
  6 entropy weavers
  30 fire dragons
  20 yaktaur captains
  The ghost of kosy22 the Blocker, a journeyman HOFi of Beogh (D:12)
  Fannar (Orc:1)
  4 great orbs of eyes (shapeshifter)
  8 hydras
  14 naga warriors
  A catoblepas (Shoals:2)
  11 great orbs of eyes
  6 rakshasas
  6 monstrous demonspawn (Pan)
  33 ice dragons
  The ghost of brucemayne the Cleaver, a journeyman DsBe of Trog (Orc:4)
  A caustic shrike simulacrum (Vaults:2)
  8 hell beasts
  3 merfolk aquamancers
  9 anacondas
  6 spriggan air magi
  An alligator snapping turtle (Shoals:4)
  A dancing weapon (Vaults:5)
  3 death knights
  14 deep troll shamans
  15 deep troll earth magi
  A merfolk avatar (Shoals:1)
  3 satyrs
  17 centaur warriors
  11 ogre magi
  8 vampire magi
  3 titan zombies
  A satyr (shapeshifter) (Vaults:5)
  5 tengu warriors
  4 storm dragon zombies (Tar:7)
  3 hell hogs
  3 death yaks (Shoals:2)
  5 spriggan berserkers
  17 naga sharpshooters
  3 thrashing horrors
  22 soul eaters
  3 orc high priests
  11 deep elf knights
  13 iron golems
  6 shock serpents
  Sonja (Orc:3)
  Nergalle (Lair:2)
  15 shadow wraiths
  10 iron trolls
  A fire crab (Vaults:2)
  15 hell knights
  3 wretched stars
  3 titan skeletons
  49 sun demons
  3 salamander mystics
  7 sea snakes
  13 unseen horrors
  26 skeletal warriors
  16 ice devils
  2 fire crabs (shapeshifter)
  2 storm dragon skeletons
  14 death scarabs (Tomb:1)
  7 shadow demons
  A swamp dragon (shapeshifter) (Depths:1)
  3 golden dragon zombies
  7 ball lightnings
  The ghost of Rayvis the Covert, a novice OpAs of Dithmenos (Orc:2)
  A ghost moth zombie (Tar:7)
  11 giant orange brains
  15 cherubim (Pan)
  32 deep trolls
  8 naga ritualists
  7 anaconda zombies
  12 deep elf conjurers
  2 starcursed masses (Abyss:1)
  27 phantasmal warriors
  3 gelid demonspawn (Pan)
  2 golden dragon skeletons
  2 ice statues (Vaults:2)
  2 torturous demonspawn (Pan)
  2 lindwurms (Vaults:2)
  7 deep elf summoners
  13 flayed ghosts
  10 harpies
  21 ironbrand convokers
  10 wizards
  2 anaconda skeletons
  3 putrid demonspawn (Pan)
  8 shadow dragon zombies
  5 anubis guards
  2 infernal demonspawn (Pan)
  8 shining eyes
  10 hill giants
  12 oklob plants
  20 orc knights
  5 wolf spider zombies
  3 wolf spiders (Vaults:2)
  10 manticores
  9 orc sorcerers
  3 iron dragon zombies
  8 necromancers
  A water nymph (shapeshifter) (Depths:5)
  4 hornets
  9 griffons
  A shining eye (shapeshifter) (Vaults:5)
  38 ugly things
  11 mana vipers
  30 moths of wrath
  A wolf spider (shapeshifter) (Vaults:5)
  14 cyclopes
  2 fire giant zombies
  A frost giant zombie (Geh:3)
  3 stone giant zombies
  An elephant (shapeshifter) (Zot:2)
  23 sixfirhies
  7 fauns
  2 shadow dragon skeletons
  5 guardian serpents
  5 frost giant skeletons
  24 salamanders
  2 worldbinders (Vaults:2)
  3 iron dragon skeletons
  2 water nymphs
  17 elephants
  5 sirens
  3 fire giant skeletons
  24 rust devils
  Maurice (D:8)
  17 orange demons
  Joseph (Lair:1)
  5 molten gargoyles
  4 stone giant skeletons
  A black mamba (shapeshifter) (D:15)
  3 dire elephant zombies
  36 black mambas
  5 gargoyles
  32 smoke demons
  22 vault sentinels
  2 eyes of devastation
  4 guardian serpents (shapeshifter)
  Psyche (D:8)
  22 naga magi
  An orange crystal statue (Tomb:1)
  A torpor snail (Lair:7)
  A centaur skeleton (D:12)
  A shock serpent skeleton (Pan)
  10 spiny frogs
  5 efreet
  A dire elephant skeleton (Geh:2)
  5 kobold demonologists
  A storm dragon simulacrum (Vaults:5)
  A yaktaur zombie (Hell)
  2 fire drakes
  An elf (Depths:3)
  9 komodo dragons
  19 hellions
  11 demonic crawlers (Pan)
  20 hellwings
  3 tengu conjurers
  2 golden dragon simulacra
  A pale draconian skeleton (Crypt:1)
  20 tormentors
  A catoblepas skeleton (Coc:7)
  43 yaktaurs
  2 anaconda simulacra
  A red draconian skeleton (Crypt:1)
  A jumping spider (Vaults:5)
  11 deep elf priests
  5 hydra zombies
  A polar bear (shapeshifter) (Depths:4)
  An ancient zyme (Abyss:1)
  A harpy zombie (Tar:3)
  34 red devils
  25 wind drakes
  26 guardian mummies
  A polar bear (Lair:6)
  3 hydra skeletons
  15 two-headed ogres
  A jumping spider (shapeshifter) (Vaults:5)
  A merfolk (shapeshifter) (Vaults:5)
  28 ushabtiu
  116 slime creatures
  20 merfolk
  19 freezing wraiths
  8 blue devils
  5 blink frogs
  4 alligator zombies
  2 spectral humans (Vaults:2)
  5 trolls
  3 ice dragon zombies
  3 snapping turtles
  3 bog bodies
  3 boulder beetles (Vaults:3)
  25 small abominations
  3 spriggan zombies
  2 fire giant simulacra
  A stone giant simulacrum (Vaults:3)
  A raiju (shapeshifter) (Vaults:1)
  44 air elementals
  3 ettin zombies
  21 shadows
  7 ettin skeletons
  19 wraiths
  3 fire dragon zombies
  9 raiju
  56 flying skulls
  6 ice dragon skeletons
  3 tarantellas
  A satyr skeleton (Crypt:2)
  16 redbacks
  15 ynoxinuls
  17 fire elementals
  A spriggan (shapeshifter) (D:15)
  2 fire dragon skeletons
  31 yaks
  11 chaos spawn
  5 water elementals
  2 black mamba zombies
  29 deep elf magi
  A fire bat (shapeshifter) (Vaults:5)
  9 vampires
  4 wyverns
  4 golden eyes
  A basilisk (Lair:6)
  18 humans
  14 vampire mosquitoes
  A giant leech zombie (Crypt:2)
  A spriggan simulacrum (Vaults:2)
  2 yaks (shapeshifter)
  2 hippogriffs (shapeshifter)
  A hog (shapeshifter) (Vaults:1)
  11 hippogriffs
  3 fire bats (Abyss:1)
  2 spriggans (Depths:2)
  7 hungry ghosts
  A spatial vortex (Abyss:1)
  10 wolves
  A merfolk zombie (Geh:7)
  13 neqoxecs
  14 wargs
  30 deep elf fighters
  A swamp worm (shapeshifter) (D:15)
  9 insubstantial wisps (WizLab)
  An infernal demonspawn zombie (Crypt:1)
  6 mottled dragons
  A soldier ant (shapeshifter) (Vaults:5)
  3 spiny frog zombies
  A torturous demonspawn zombie (Crypt:2)
  The ghost of radek the Conjurer, an amateur DECj (D:4)
  A soldier ant (D:15)
  3 alligator simulacra (Hell)
  11 porcupines
  48 orc warriors
  48 nagas
  2 spiny frog skeletons
  22 water moccasins
  2 fire dragon simulacra (Vaults:2)
  A black mamba simulacrum (Vaults:2)
  17 eyes of draining
  A gelid demonspawn skeleton (Crypt:2)
  An ettin simulacrum (Depths:2)
  28 hell hounds
  3 human skeletons
  2 manticore zombies
  22 ice beasts
  2 phantoms
  2 black bears
  2 wasps (Depths:2)
  15 boggarts
  A hornet simulacrum (Vaults:1)
  22 centaurs
  A blink frog zombie (Crypt:1)
  5 sky beasts
  A swamp dragon zombie (Geh:5)
  42 large abominations
  A snapping turtle zombie (Dis:7)
  2 eyes of draining (shapeshifter) (D:15)
  42 ogres
  A manticore skeleton (Geh:7)
  A snapping turtle skeleton (Coc:2)
  13 necrophages
  4 brain worms
  16 crocodiles
  Blork the orc (D:5)
  2 elf zombies (Ossuary)
  5 big kobolds
  A spectral boulder beetle (Vaults:2)
  A giant frog (shapeshifter) (Depths:2)
  A dryad skeleton (Crypt:2)
  A gnoll sergeant (D:6)
  3 scorpions
  27 giant frogs
  A warg zombie (Crypt:1)
  A wyvern skeleton (D:14)
  3 tengu zombies (Hell)
  An elephant simulacrum (Vaults:2)
  3 killer bees (D:9)
  36 wights
  A hippogriff skeleton (Crypt:1)
  9 electric eels
  19 crimson imps
  37 jellies
  A lava snake (Vaults:2)
  2 human zombies (Ossuary)
  6 centaur zombies
  12 hounds
  5 iguanas
  3 gnoll shamans
  A giant frog zombie (D:10)
  31 orc priests
  9 iron imps
  32 orc wizards
  3 quasits
  Natasha (twice) (D:2)
  A two-headed ogre skeleton (Crypt:2)
  10 worker ants
  A lightning spire (Vaults:2)
  37 sheep
  11 hell rats
  A troll simulacrum (Vaults:2)
  A big kobold zombie (Ossuary)
  An ogre zombie (Geh:7)
  A naga zombie (Dis:3)
  A big kobold skeleton (Crypt:2)
  2 hound skeletons
  35 mummies
  4 worker ant zombies
  13 gnolls
  A naga simulacrum (Vaults:2)
  70 river rats
  7 adders
  13 shadow imps
  4 white imps
  A giant eyeball (shapeshifter) (Crypt:2)
  A giant eyeball (Pan)
  9 oozes
  An adder zombie (D:9)
  2 adder skeletons (D:4)
  5 worms
  10 giant geckos
  228 orcs
  3 bats
  A bat skeleton (Crypt:2)
  11 goblins
  12 hobgoblins
  4 jackals (D:8)
  24 kobolds
  11 quokkas
  2 ball pythons
  2 giant cockroaches
  9 giant newts
  2 goblin zombies (Ossuary)
  5 hobgoblin zombies (Ossuary)
  A jackal zombie (Ossuary)
  7 kobold zombies
  14 orc zombies (Ossuary)
  A quokka skeleton (Crypt:2)
  6 rats
  2 rat zombies (Ossuary)
  3 blocks of ice
  4 crawling corpses
  2 fire vortices (Abyss:1)
  3 lost souls (Crypt:3)
  2 macabre masses (Vaults:2)
  4 plants
  A spectral weapon (Pan)
  A starspawn tentacle (Abyss:1)
  2 tentacles
4513 creatures vanquished.

Vanquished Creatures (collateral kills)
  An ancient lich (Crypt:3)
  Mennas (Vaults:3)
  A juggernaut (Depths:2)
  Norris (D:13)
  A Killer Klown (Zot:5)
  4 caustic shrikes
  A golden dragon (Zot:3)
  Xtahua (Vaults:3)
  A bone dragon (Dis:7)
  2 Orb Guardians (Zot:5)
  A Cloud Mage (WizLab)
  A hellephant (Zig:7)
  2 Hell Sentinels (Dis:7)
  3 quicksilver dragons
  A titan (Vaults:5)
  An acid blob (Slime:6)
  A tentacled starspawn (Abyss:1)
  An octopode crusher (Depths:5)
  2 shadow dragons (Zot:3)
  2 tengu reavers (Depths:1)
  An azure jelly (Slime:6)
  3 fire giants
  A deep elf sorcerer (Elf:3)
  5 frost giants
  A vault warden (Vaults:3)
  5 iron dragons
  Aizul (Crypt:1)
  2 ironheart preservers
  A cacodemon (Pan)
  4 ghouls (Crypt:1)
  An angel (Pan)
  A spriggan defender (Depths:2)
  4 stone giants
  A vampire knight (Depths:3)
  A reaper (Dis:7)
  A green draconian (Zot:4)
  4 war gargoyles
  A deep elf demonologist (Vaults:2)
  A black draconian (Zot:5)
  A dire elephant (Zig:7)
  2 deep elf annihilators
  A red draconian (Zot:1)
  A deep elf death mage (Elf:3)
  2 ettins
  3 vault guards
  4 merfolk impalers
  4 merfolk javelineers
  7 fire dragons
  A mummy priest (Zig:8)
  3 yaktaur captains
  Josephine (Lair:8)
  A deep elf high priest (Vaults:5)
  2 ice dragons
  2 entropy weavers
  2 rakshasas
  5 naga warriors
  A merfolk avatar (Shoals:3)
  A hydra (D:15)
  A spriggan air mage (Depths:2)
  4 anacondas
  4 centaur warriors
  A merfolk aquamancer (Shoals:4)
  An ogre mage (Depths:4)
  An alligator snapping turtle (Shoals:4)
  4 great orbs of eyes
  A tengu warrior (Depths:5)
  2 deep troll earth magi
  A vampire mage (Depths:3)
  A death yak (Shoals:2)
  4 spriggan berserkers
  2 naga sharpshooters (Snake:1)
  A soul eater (Crypt:1)
  An iron golem (Dis:7)
  A shock serpent (Snake:3)
  A cherub (Pan)
  5 iron trolls
  2 death scarabs
  3 skeletal warriors
  6 sea snakes
  22 deep trolls
  2 ice statues (IceCv)
  A harpy (Shoals:1)
  An anubis guard (Tomb:1)
  3 ironbrand convokers (Vaults:2)
  A naga ritualist (Snake:1)
  A wolf spider zombie (Dis:7)
  3 salamanders
  A deep elf conjurer (Zig:6)
  A griffon (shapeshifter) (Depths:4)
  A wolf spider (Vaults:1)
  A water nymph (Shoals:4)
  An oklob plant (Zig:8)
  3 cyclopes
  3 orc knights
  17 ugly things
  3 fauns
  3 mana vipers (Snake:3)
  An octopode (shapeshifter) (Depths:3)
  6 vault sentinels
  5 black mambas
  7 naga magi
  4 rust devils
  7 manticores
  A gargoyle (D:15)
  2 spiny frogs (Zig:7)
  4 sirens (Shoals:4)
  3 smoke demons
  An elf (Depths:3)
  2 fire drakes
  12 yaktaurs
  A hydra zombie (Geh:7)
  2 guardian mummies (Tomb:1)
  2 jumping spiders
  A pale draconian skeleton (Crypt:1)
  15 merfolk
  4 blink frogs
  A freezing wraith (Vaults:4)
  A harpy skeleton (D:15)
  5 slime creatures
  2 tengu conjurers
  3 snapping turtles (Shoals:4)
  A wind drake (shapeshifter) (Zig:6)
  4 wind drakes
  A blue devil (Dis:7)
  A raiju (shapeshifter) (Depths:4)
  2 two-headed ogres
  A boulder beetle (Vaults:2)
  A black mamba zombie (Geh:7)
  9 air elementals
  4 flying skulls
  5 water elementals
  6 redbacks
  2 spriggans (Depths:2)
  2 deep elf magi
  3 large abominations (Pan)
  A fire elemental (Depths:2)
  3 yaks (Lair:5)
  A neqoxec (Pan)
  A deep elf fighter (Vaults:5)
  2 wraiths (Lair:8)
  A hungry ghost (Depths:1)
  4 hippogriffs
  A warg (Depths:3)
  An orc warrior (Vaults:2)
  10 nagas
  5 water moccasins
  4 wolves
  A mottled dragon (Zot:3)
  A black mamba simulacrum (Vaults:2)
  An ogre (Depths:1)
  2 slaves (Depths:3)
  5 centaurs
  3 hell hounds (Geh:7)
  2 necrophages
  A boggart (Vaults:2)
  2 sky beasts
  2 wasps (Depths:2)
  A small abomination (Depths:3)
  A crocodile (Lair:2)
  6 giant frogs
  A scorpion (D:10)
  A wight (D:10)
  2 spectral wolves (Depths:3)
  2 crimson imps (D:9)
  4 orc wizards
  Crazy Yiuf (D:2)
  3 jellies (Slime:6)
  Jessica (D:2)
  Terence (D:2)
  2 iguanas
  3 sheep (Shoals:1)
  3 mummies (Zig:8)
  12 river rats
  An adder (D:2)
  11 white imps (Lair:2)
  2 worms (D:2)
  5 orcs
  A kobold (Depths:3)
  A bush (Lair:5)
  2 crawling corpses (Elf:3)
  A fungus (Lair:2)
  6 plants
  A tentacle (Shoals:3)
490 creatures vanquished.

Vanquished Creatures (others)
  3 eldritch tentacles
  A tengu reaver (Vaults:5)
  2 fire giants (Depths:2)
  4 stone giants
  2 merfolk javelineers
  3 yaktaur captains (Vaults:5)
  A merfolk aquamancer (Shoals:4)
  A satyr (Shoals:4)
  A deep troll earth mage (Depths:2)
  3 naga sharpshooters
  9 death scarabs (Tomb:2)
  A skeletal warrior (Tomb:1)
  A cherub (Pan)
  2 ball lightnings (Vaults:2)
  A shadow wraith (Zig:9)
  A moth of wrath (Zot:4)
  A salamander (Snake:3)
  A faun (Shoals:2)
  A fire giant skeleton (Tomb:2)
  A stone giant zombie (Tomb:1)
  2 cyclopes
  5 yaktaurs
  A ynoxinul (Abyss:1)
  An ushabti (Tomb:3)
  2 small abominations
  17 flying skulls
  A yak (D:11)
  2 deep elf magi
  2 deep elf fighters
  A vampire (Depths:3)
  A chaos spawn (Pan)
  A water moccasin (Zig:3)
  A large abomination (Pan)
  An ogre (Depths:4)
  A boggart (Depths:2)
  4 centaurs
  A big kobold (shapeshifter) (Depths:1)
  A hell rat (Depths:1)
  An orc wizard (Orc:3)
  5 sheep (D:6)
  An ogre skeleton (Tomb:3)
  A mummy (Tomb:2)
  A white imp (Coc:7)
  76 blocks of ice
  440 eldritch tentacle segments
  16 fungi
  11 lost souls
  65 plants
  73 spectral weapons
  11 starspawn tentacles
  36 starspawn tentacle segments
  45 tentacles
  318 tentacle segments
1185 creatures vanquished.

Grand Total: 6188 creatures vanquished

Notes
Turn   | Place    | Note
--------------------------------------------------------------
     0 | D:1      | comborobin the Draconian Wizard began the quest for the Orb.
     0 | D:1      | Reached XP level 1. HP: 14/14 MP: 4/4
   263 | D:1      | Reached XP level 2. HP: 18/20 MP: 0/6
   873 | D:1      | Learned a level 2 spell: Blink
   876 | D:1      | Learned a level 2 spell: Call Imp
   879 | D:1      | Learned a level 2 spell: Repel Missiles
  1032 | D:1      | Reached XP level 3. HP: 26/26 MP: 0/8
  1672 | D:2      | Noticed Natasha
  1922 | D:2      | Noticed Terence
  2281 | D:2      | Killed Terence
  2366 | D:2      | Reached XP level 4. HP: 33/33 MP: 7/9
  2992 | D:2      | Reached skill level 4 in Spellcasting
  2998 | D:2      | Learned a level 3 spell: Mephitic Cloud
  3164 | D:2      | Noticed Jessica
  3170 | D:2      | Killed Jessica
  3351 | D:2      | Noticed Crazy Yiuf
  3401 | D:2      | Killed Crazy Yiuf
  3528 | D:2      | Killed Natasha
  3528 | D:2      | Reached XP level 5. HP: 38/38 MP: 5/11
  3579 | D:3      | Found a shattered altar of Ashenzari.
  3696 | D:4      | Found a basalt altar of Yredelemnul.
  3736 | D:4      | Found a staircase to the Ecumenical Temple.
  3756 | Temple   | Entered the Ecumenical Temple
  3904 | Temple   | Became a worshipper of Kikubaaqudgha
  4008 | D:4      | Noticed radek's ghost (amateur DECj)
  4725 | D:4      | Reached skill level 1 in Necromancy
  4791 | D:4      | Reached skill level 5 in Conjurations
  4974 | D:4      | Reached XP level 6. HP: 43/46 MP: 3/12
  4998 | D:4      | Reached skill level 1 in Fighting
  5018 | D:5      | Entered Level 5 of the Dungeon
  5018 | D:5      | Found Ineojen's Gadget Boutique.
  5109 | D:5      | Found a radiant altar of Vehumet.
  5408 | D:5      | Learned a level 3 spell: Conjure Flame
  5437 | D:5      | Noticed Blork the orc
  5533 | D:5      | Killed Blork the orc
  5533 | D:5      | Reached * piety under Kikubaaqudgha
  5533 | D:5      | Received a gift from Kikubaaqudgha
  5534 | D:5      | Identified Kikubaaqudgha's Catalogue of Darkness (Kikubaaqudgha gifted it to you on level 5 of the Dungeon)
  5629 | D:5      | Your scales start taking on a golden yellow colour.
  5629 | D:5      | Reached XP level 7. HP: 57/57 MP: 4/13
  5816 | D:5      | Found a glowing golden altar of the Shining One.
  6456 | D:4      | Killed radek's ghost
  6612 | D:5      | Reached skill level 5 in Fighting
  6628 | D:5      | Found Jemad's Weapon Boutique.
  6693 | D:5      | Learned a level 3 spell: Vampiric Draining
  6886 | D:5      | Found a burning altar of Makhleb.
  6888 | D:5      | Found a glowing silver altar of Zin.
  6888 | D:5      | Noticed an angel
  6888 | D:5      | Noticed a blizzard demon
  7146 | D:5      | Reached skill level 5 in Necromancy
  7146 | D:5      | Reached XP level 8. HP: 68/68 MP: 1/14
  7360 | D:6      | Found a shimmering altar of Xom.
  7706 | D:6      | Found a sand-covered staircase.
  7719 | Ossuary  | Entered an ossuary
  7977 | Ossuary  | Reached skill level 5 in Spellcasting
  7983 | Ossuary  | Reached skill level 6 in Necromancy
  8145 | Ossuary  | Reached skill level 1 in Maces & Flails
  8730 | D:6      | Reached ** piety under Kikubaaqudgha
  8759 | D:6      | Learned a level 2 spell: Corpse Rot
  9091 | D:6      | Reached XP level 9. HP: 74/74 MP: 1/17
  9292 | D:6      | Reached skill level 7 in Necromancy
  9545 | D:6      | Identified a scroll of acquirement
 10295 | D:7      | Reached skill level 8 in Necromancy
 10711 | D:7      | Found a deep blue altar of Sif Muna.
 10756 | D:7      | Found a stormy altar of Qazlal.
 11016 | D:8      | Learned a level 4 spell: Control Undead
 11267 | D:8      | Reached *** piety under Kikubaaqudgha
 11267 | D:8      | Received a gift from Kikubaaqudgha
 11272 | D:8      | Identified Kikubaaqudgha's Tome of Black Rites (Kikubaaqudgha gifted it to you on level 8 of the Dungeon)
 11397 | D:8      | Noticed Psyche
 11400 | D:8      | Killed Psyche
 11400 | D:8      | Reached XP level 10. HP: 73/82 MP: 21/21
 11608 | D:8      | Noticed Maurice
 11724 | D:8      | Killed Maurice
 11724 | D:8      | Reached skill level 9 in Necromancy
 11790 | D:8      | Found a stormy altar of Qazlal.
 12899 | D:8      | Found an iron altar of Okawaru.
 13342 | D:9      | Learned a level 4 spell: Animate Dead
 13586 | D:9      | Paralysed by a crimson imp for 3 turns
 13881 | D:9      | Found a staircase to the Orcish Mines.
 14102 | D:9      | Found a blossoming altar of Fedhas.
 14103 | D:9      | Found a sparkling altar of Nemelex Xobeh.
 14212 | D:10     | Entered Level 10 of the Dungeon
 14644 | D:10     | Learned a level 5 spell: Bolt of Draining
 15156 | D:10     | Noticed a wizard
 15162 | D:10     | Killed a wizard
 15244 | D:10     | Noticed a large abomination
 15289 | D:10     | Reached XP level 11. HP: 29/92 MP: 8/23
 15524 | D:10     | Killed a large abomination
 16264 | D:10     | Got an ancient great sword
 16265 | D:10     | Identified the +3 great sword of Peeqai {speed, rPois rN+ Int-4} (You found it on level 10 of the Dungeon)
 17728 | D:11     | Found a staircase to the Lair.
 17755 | D:11     | Reached skill level 10 in Spellcasting
 17761 | D:11     | Got a crude short sword {pain}
 17762 | D:11     | Identified the +8 short sword of Yxun {pain, rElec rC- Dex+3} (You took it off an orc on level 11 of the Dungeon)
 18094 | Lair:1   | Entered Level 1 of the Lair of Beasts
 18094 | Lair:1   | Noticed a four-headed hydra
 18097 | Lair:1   | Killed a four-headed hydra
 18141 | Lair:1   | Learned a level 5 spell: Dispel Undead
 18263 | Lair:1   | Reached **** piety under Kikubaaqudgha
 18381 | Lair:1   | Noticed Joseph
 18386 | Lair:1   | Killed Joseph
 18681 | Lair:1   | Reached skill level 1 in Shields
 18879 | Lair:2   | Reached skill level 10 in Necromancy
 19053 | Lair:2   | You fall through a shaft for 2 floors!
 19127 | Lair:2   | Reached XP level 12. HP: 82/100 MP: 26/26
 19198 | Lair:2   | Noticed Nergalle
 19221 | Lair:2   | Killed Nergalle
 19266 | Lair:2   | Noticed a six-headed hydra
 19269 | Lair:2   | Killed a six-headed hydra
 19302 | Lair:2   | Reached skill level 10 in Conjurations
 19305 | Lair:2   | Found a frozen archway.
 19316 | Lair:2   | Reached ***** piety under Kikubaaqudgha
 19335 | IceCv    | Entered an ice cave
 19947 | IceCv    | Noticed an ice dragon
 19947 | IceCv    | Noticed an ice dragon
 20148 | IceCv    | Killed an ice dragon
 20209 | IceCv    | Killed an ice dragon
 20925 | Lair:3   | Reached skill level 11 in Spellcasting
 21065 | Lair:3   | Found a staircase to the Snake Pit.
 21778 | Lair:4   | Noticed a seven-headed hydra
 22074 | Lair:4   | Killed a seven-headed hydra
 22074 | Lair:4   | Reached XP level 13. HP: 63/105 MP: 21/28
 22369 | Lair:4   | Noticed Snorg
 22372 | Lair:4   | Killed Snorg
 23506 | Lair:6   | Reached skill level 12 in Spellcasting
 23581 | Lair:6   | Found a staircase to the Shoals.
 23601 | Lair:6   | Gained mutation: You have sharp toenails. [potion of beneficial mutation]
 23602 | Lair:6   | Gained mutation: You can translocate small distances at will. [potion of beneficial mutation]
 23766 | Lair:6   | Found a staircase to the Slime Pits.
 24083 | Lair:6   | Reached ****** piety under Kikubaaqudgha
 24169 | Lair:7   | Reached skill level 1 in Evocations
 24664 | Lair:7   | Received a gift from Kikubaaqudgha
 24821 | Lair:7   | Reached skill level 5 in Evocations
 25251 | Lair:8   | Entered Level 8 of the Lair of Beasts
 25553 | Lair:8   | Noticed Josephine
 25623 | Lair:8   | Killed Josephine
 26115 | Lair:8   | Noticed a dire elephant
 26121 | Lair:8   | Killed a dire elephant
 26237 | Lair:8   | Noticed a dire elephant
 26243 | Lair:8   | Killed a dire elephant
 26243 | Lair:8   | Gained mutation: You have acidic saliva. [Yellow Draconian growth]
 26243 | Lair:8   | Reached XP level 14. HP: 82/114 MP: 19/30
 26329 | Lair:8   | Noticed a dire elephant
 26338 | Lair:8   | Killed a dire elephant
 26404 | Lair:8   | Noticed a dire elephant
 26412 | Lair:8   | Killed a dire elephant
 26412 | Lair:8   | Reached skill level 10 in Evocations
 26419 | Lair:8   | Noticed a dire elephant
 26433 | Lair:8   | Killed a dire elephant
 26694 | Lair:8   | Noticed a dire elephant
 26698 | Lair:8   | Killed a dire elephant
 26750 | Lair:8   | Learned a level 3 spell: Stone Arrow
 27250 | Lair:6   | Got a scorched great sword
 27251 | Lair:6   | Identified the cursed +0 great sword of Loat {freeze, +Fly rPois} (You found it on level 6 of the Lair of Beasts)
 27281 | Lair:6   | Reached skill level 1 in Earth Magic
 28049 | D:12     | Noticed kosy22's ghost (journeyman HOFi)
 28053 | D:12     | Killed kosy22's ghost
 28745 | D:13     | Found a gate to the Vaults.
 28745 | D:13     | Noticed Norris
 28745 | D:13     | Noticed Rupert
 28745 | D:13     | Noticed Donald
 28790 | D:13     | Killed Donald
 28791 | D:13     | Killed Norris
 28791 | D:13     | Reached skill level 13 in Evocations
 28857 | D:13     | Killed Rupert
 29565 | D:13     | Noticed Nessos
 29570 | D:13     | Killed Nessos
 29570 | D:13     | Reached skill level 10 in Fighting
 29570 | D:13     | Reached skill level 1 in Polearms
 30098 | D:13     | Noticed Maud
 30113 | D:13     | Killed Maud
 30113 | D:13     | Reached skill level 5 in Earth Magic
 30429 | D:14     | Found Pizilla's Assorted Antiques.
 30436 | D:14     | Bought a scroll of enchant weapon for 172 gold pieces
 30439 | D:14     | Found Fanuiptoe's Magic Scroll Emporium.
 30699 | D:14     | Reached XP level 15. HP: 102/126 MP: 20/31
 31396 | D:14     | Found Ybof's Distillery.
 31399 | D:14     | Bought a potion of heal wounds for 70 gold pieces
 31399 | D:14     | Bought a potion of haste for 140 gold pieces
 31399 | D:14     | Bought a potion of haste for 140 gold pieces
 31492 | D:15     | Entered Level 15 of the Dungeon
 31496 | D:15     | Reached skill level 5 in Shields
 31828 | D:15     | Found Ogiheak's Weapon Boutique.
 31846 | D:15     | Found Homahat's Food Shop.
 31901 | D:15     | Reached skill level 5 in Polearms
 32012 | D:15     | Found a shadowy altar of Dithmenos.
 32062 | D:15     | Noticed Roxanne
 32081 | D:15     | Learned a level 5 spell: Lee's Rapid Deconstruction
 32142 | D:15     | Killed Roxanne
 32777 | D:15     | Found a staircase to the Depths.
 33117 | Orc:1    | Entered Level 1 of the Orcish Mines
 33123 | Orc:1    | Paralysed by an orc sorcerer for 3 turns
 33791 | Orc:2    | Noticed Rayvis's ghost (novice OpAs)
 33801 | Orc:2    | Killed Rayvis's ghost
 33809 | Orc:1    | Noticed Fannar
 33822 | Orc:1    | Killed Fannar
 34476 | Orc:4    | Entered Level 4 of the Orcish Mines
 34476 | Orc:4    | Noticed brucemayne's ghost (journeyman DsBe)
 34622 | Orc:3    | Noticed Sonja
 34628 | Orc:3    | Killed Sonja
 34660 | Orc:4    | Killed brucemayne's ghost
 34834 | Orc:4    | Noticed Saint Roka
 35011 | Orc:4    | Paralysed by an orc sorcerer for 6 turns
 35805 | Orc:4    | Found a staircase to the Elven Halls.
 35830 | Orc:4    | Found a roughly hewn altar of Beogh.
 35845 | Orc:4    | Found Xyecru's Armour Shoppe.
 35888 | Orc:4    | Found a roughly hewn altar of Beogh.
 35908 | Orc:4    | Found a roughly hewn altar of Beogh.
 35954 | Orc:4    | Found Joudgh's General Store.
 35979 | Orc:4    | Bought a +1 pair of gloves of dexterity for 297 gold pieces
 35984 | Orc:4    | Bought a scroll of enchant armour for 135 gold pieces
 36096 | Orc:4    | Killed Saint Roka
 36232 | Orc:4    | Found a roughly hewn altar of Beogh.
 36233 | Orc:4    | Found Cuapree's Gadget Boutique.
 36255 | Orc:4    | Bought a wand of fire (9) for 390 gold pieces
 36599 | Orc:4    | Found Zeteakot's Antique Armour Shoppe.
 36600 | Orc:4    | Found a roughly hewn altar of Beogh.
 36603 | Orc:4    | Found Tius's Antique Weapon Emporium.
 36609 | Orc:4    | Bought a runed hat for 108 gold pieces
 36623 | Orc:4    | Bought an ichor-stained buckler for 256 gold pieces
 36638 | Orc:4    | Identified the cursed +0 buckler "Oxas" {Str+4} (You bought it in a shop on level 4 of the Orcish Mines)
 36859 | Orc:4    | Found a roughly hewn altar of Beogh.
 36917 | Orc:4    | Found a roughly hewn altar of Beogh.
 37135 | Orc:1    | Your ally Fannar died
 37514 | D:13     | Reached XP level 16. HP: 51/134 MP: 21/32
 38022 | Snake:1  | Entered Level 1 of the Snake Pit
 38181 | Snake:1  | Reached skill level 10 in Shields
 39788 | Snake:1  | Found a shimmering altar of Xom.
 39946 | Snake:2  | Reached skill level 14 in Shields
 40631 | Snake:2  | Reached skill level 15 in Shields
 41740 | Snake:3  | Reached skill level 5 in Dodging
 42160 | Snake:3  | Gained mutation: You possess an exceptional clarity of mind. [potion of beneficial mutation]
 42161 | Snake:3  | Gained mutation: You are robust (+10% HP). [potion of beneficial mutation]
 42252 | Snake:3  | Reached XP level 17. HP: 116/158 MP: 3/33
 42530 | Snake:3  | Reached skill level 10 in Polearms
 42618 | Snake:4  | Entered Level 4 of the Snake Pit
 44665 | Snake:4  | Got a serpentine rune of Zot
 45033 | Shoals:1 | Entered Level 1 of the Shoals
 45498 | Shoals:2 | Noticed 4thArraOfDagon's ghost (journeyman MiFi)
 45508 | Shoals:2 | Killed 4thArraOfDagon's ghost
 45663 | Shoals:2 | Found Teoh's General Store.
 45832 | Shoals:2 | Reached XP level 18. HP: 127/174 MP: 3/34
 46066 | Shoals:2 | Upgraded the game from 0.17-a0-2101-g0c122e7 to 0.17-a0-2109-g117576f
 46109 | Shoals:2 | Noticed Polyphemus
 46147 | Shoals:2 | Killed Polyphemus
 46205 | Shoals:2 | Your ally Polyphemus died
 47159 | Shoals:3 | Noticed Louise
 47484 | Vaults:1 | Entered Level 1 of the Vaults
 47487 | Vaults:1 | Reached skill level 1 in Charms
 47493 | Vaults:1 | Found Siceasch's Antique Weapon Emporium.
 50008 | Vaults:2 | Reached skill level 5 in Charms
 50388 | Vaults:2 | Reached XP level 19. HP: 184/184 MP: 13/35
 50632 | Vaults:2 | Identified the Guide on Hurtful Flames
 50671 | Vaults:2 | Reached skill level 5 in Stealth
 52165 | Vaults:2 | Noticed a bone dragon
 52347 | Vaults:2 | Identified the Disquisition on Summoning
 52447 | Vaults:2 | Killed a bone dragon
 52710 | Vaults:2 | Identified Visaib's Collected Works on Stolen Souls
 52715 | Vaults:2 | Learned a level 2 spell: Sublimation of Blood
 52717 | Vaults:2 | Learned a level 1 spell: Animate Skeleton
 52724 | Vaults:2 | Learned a level 6 spell: Death Channel
 52930 | Vaults:2 | Identified the Compendium of Destructive Feathers
 53582 | Vaults:2 | Identified the Catalogue of Ice
 54426 | Vaults:3 | Found Wiolounk's Assorted Antiques.
 54936 | Vaults:3 | Reached XP level 20. HP: 193/193 MP: 4/38
 55234 | Vaults:3 | Noticed Mennas
 55277 | Vaults:3 | Killed Mennas
 55614 | Vaults:3 | Noticed Xtahua
 55621 | Vaults:3 | Killed Xtahua
 55879 | Vaults:3 | Your ally Xtahua died
 55907 | Vaults:3 | Your ally Xtahua died
 55977 | Vaults:3 | Found a staircase to the Crypt.
 56058 | Vaults:3 | Found Dygud's Antique Armour Emporium.
 56071 | Vaults:3 | Found Banair's Food Emporium.
 56269 | Vaults:3 | Found Zeynteo's Distillery.
 56289 | Vaults:3 | Bought a potion of magic for 80 gold pieces
 56289 | Vaults:3 | Bought 2 potions of heal wounds for 100 gold pieces
 56289 | Vaults:3 | Bought a potion of resistance for 100 gold pieces
 56289 | Vaults:3 | Bought a potion of haste for 100 gold pieces
 56289 | Vaults:3 | Bought 2 potions of curing for 60 gold pieces
 56289 | Vaults:3 | Bought a potion of resistance for 100 gold pieces
 56289 | Vaults:3 | Bought 2 potions of might for 80 gold pieces
 56612 | Vaults:4 | Found Temuvah's Magic Scroll Shop.
 56612 | Vaults:4 | Noticed Boris
 56617 | Vaults:4 | Killed Boris
 56624 | Vaults:4 | Bought a scroll of blinking for 142 gold pieces
 56806 | Vaults:4 | Noticed Frederick
 56823 | Vaults:4 | Killed Frederick
 57117 | Vaults:4 | Reached skill level 15 in Spellcasting
 57363 | Vaults:4 | Noticed Jory
 57505 | Vaults:4 | Killed Jory
 59162 | Crypt:1  | Entered Level 1 of the Crypt
 59281 | Crypt:1  | Reached XP level 21. HP: 200/200 MP: 29/40
 59655 | Crypt:1  | Noticed Aizul
 59662 | Crypt:1  | Killed Aizul
 59781 | Crypt:1  | Your ally Aizul died
 59992 | Crypt:1  | Reached skill level 15 in Conjurations
 61423 | Crypt:2  | Noticed an ancient lich
 61441 | Crypt:2  | Killed an ancient lich
 62631 | Crypt:2  | Reached skill level 16 in Spellcasting
 62820 | Crypt:3  | Entered Level 3 of the Crypt
 64699 | Crypt:3  | Found a staircase to the Tomb.
 64701 | Crypt:3  | Noticed an ancient lich
 64743 | Crypt:3  | Noticed an ancient lich
 64751 | Crypt:3  | Killed an ancient lich
 64751 | Crypt:3  | Reached XP level 22. HP: 209/209 MP: 22/42
 64757 | Crypt:3  | Killed an ancient lich
 64868 | Crypt:3  | Noticed an ancient lich
 64912 | Crypt:3  | Killed an ancient lich
 65261 | Crypt:3  | Reached skill level 15 in Necromancy
 66043 | Slime:1  | Entered Level 1 of the Pits of Slime
 66669 | Slime:3  | Reached skill level 15 in Fighting
 67293 | Slime:3  | Reached skill level 17 in Spellcasting
 67682 | Slime:6  | Entered Level 6 of the Pits of Slime
 67824 | Slime:6  | Found a viscous altar of Jiyva.
 67825 | Slime:6  | Noticed the royal jelly
 68053 | Slime:6  | Killed the royal jelly
 69636 | Slime:6  | Noticed brucemayne's ghost (adept HOBe)
 69643 | Slime:6  | Killed brucemayne's ghost
 69990 | Slime:6  | Got a slimy rune of Zot
 70021 | Slime:6  | Identified Iskenderun's Tome of Flamy Arcane Weapons (You found it on level 6 of the Pits of Slime)
 70030 | Slime:6  | Learned a level 7 spell: Orb of Destruction
 70084 | Slime:6  | Reached XP level 23. HP: 223/223 MP: 33/44
 70103 | Slime:6  | Got a warped tin ring
 70104 | Slime:6  | Identified the ring "Rotot" {+/*Tele MR+ MP+9 Int-5 Dex+4} (You found it on level 6 of the Pits of Slime)
 70634 | Elf:1    | Entered Level 1 of the Elven Halls
 70664 | Elf:1    | Found a magical portal.
 70680 | WizLab   | Entered The Chambers of Uzinum the Cloud Mage
 71467 | WizLab   | Identified Pymot's Incunabulum of Lightness and Combat Magic
 71475 | WizLab   | Identified the Volume of the Damaging Birds
 71672 | Elf:1    | Found Ecviecse's Gadget Emporium.
 71732 | Elf:1    | Bought a wand of teleportation (6) for 450 gold pieces
 72091 | Elf:3    | Entered Level 3 of the Elven Halls
 72229 | Elf:3    | Learned a level 3 spell: Regeneration
 72232 | Elf:3    | Learned a level 2 spell: Song of Slaying
 72256 | Elf:3    | Learned a level 3 spell: Spectral Weapon
 73904 | Elf:3    | Identified a +4 rod of inaccuracy (9/9) (You took it off a deep elf annihilator on level 3 of the Elven Halls)
 73908 | Elf:3    | Got a ring of the Octopus King
 73910 | Elf:3    | Identified a ring of the Octopus King {rF+ AC+1 EV+1 Str+1 Int+1 Dex+1} (You took it off a deep elf annihilator on level 3 of the Elven Halls)
 73918 | Elf:3    | Got a fine platinum ring
 73919 | Elf:3    | Identified the ring "Vuunavy" {rF+ rN+ MP+9 Str+3 Dex-3} (You took it off a deep elf death mage on level 3 of the Elven Halls)
 74005 | Elf:3    | Got a pair of heavily runed boots
 74006 | Elf:3    | Identified the +2 pair of boots of Hiorha {rCorr} (You acquired it on level 3 of the Elven Halls)
 75088 | Elf:3    | Identified the Volume of the Harmful Glacier (You found it on level 3 of the Elven Halls)
 75167 | Elf:3    | Reached skill level 18 in Conjurations
 75613 | Elf:2    | Found a runed gate.
 75613 | Elf:2    | Found a runed gate.
 75618 | Elf:2    | Found a runed gate.
 76132 | Orc:4    | Bought a scroll of teleportation for 54 gold pieces
 76132 | Orc:4    | Bought the +8 spear of Ophodd {freeze, MR+ Str+4} for 1195 gold pieces
 76486 | D:10     | Learned a level 2 spell: Stoneskin
 76795 | Depths:1 | Entered Level 1 of the Depths
 76816 | Depths:1 | Reached skill level 10 in Earth Magic
 76818 | Depths:1 | Noticed Wiglaf
 76843 | D:15     | Killed Wiglaf
 76992 | D:15     | Your ally Wiglaf died
 77009 | D:15     | Your ally Wiglaf died
 77499 | Depths:1 | Found Tugeb's Armour Shoppe.
 77513 | Depths:1 | Found a one-way gate to the infinite horrors of the Abyss.
 77548 | Depths:1 | Found Jioniz's General Store.
 77570 | Depths:1 | Found Pyastiut's Jewellery Shop.
 77578 | Depths:1 | Bought the amulet "Jestriady" {Ward +Blink rN+ Str-5 Int+4} for 564 gold pieces
 77819 | Depths:1 | Found Qodoishri's Antique Weapon Shop.
 77953 | Depths:1 | Found a gateway to Hell.
 78022 | Depths:1 | Noticed Sojobo
 78046 | Depths:1 | Killed Sojobo
 78059 | Depths:1 | Found Yrghaynn's Food Shop.
 78175 | Depths:1 | Found a blossoming altar of Fedhas.
 78198 | Depths:1 | Gained mutation: Your mind is acute. (Int +2) [potion of beneficial mutation]
 78199 | Depths:1 | Gained mutation: You are somewhat resistant to further mutation. [potion of beneficial mutation]
 78400 | Depths:1 | Your ally Sojobo died
 78564 | Depths:2 | Found a one-way gate leading to the halls of Pandemonium.
 78605 | Depths:2 | Reached XP level 24. HP: 237/237 MP: 19/45
 78706 | Depths:2 | Noticed a juggernaut
 78742 | Depths:2 | Killed a juggernaut
 78818 | Depths:2 | Learned a level 1 spell: Apportation
 78904 | Depths:2 | Found a gateway to a ziggurat.
 79116 | Zig:1    | Entered Level 1 of a ziggurat
 79176 | Zig:2    | Entered Level 2 of a ziggurat
 79245 | Zig:3    | Entered Level 3 of a ziggurat
 79262 | Zig:3    | Reached skill level 19 in Conjurations
 79275 | Zig:3    | Identified a +2 rod of inaccuracy (11/11) (You found it on level 3 of a ziggurat)
 79301 | Zig:4    | Entered Level 4 of a ziggurat
 79423 | Zig:5    | Entered Level 5 of a ziggurat
 79548 | Zig:6    | Entered Level 6 of a ziggurat
 79634 | Zig:7    | Entered Level 7 of a ziggurat
 79722 | Zig:7    | Reached XP level 25. HP: 117/245 MP: 17/45
 79906 | Zig:8    | Entered Level 8 of a ziggurat
 80211 | Zig:8    | Identified a +0 rod of inaccuracy (12/12) (You found it on level 8 of a ziggurat)
 80214 | Zig:8    | Got a coiled turquoise ring
 80215 | Zig:8    | Identified the ring of Domna {*Drain +Fly rElec rN+++} (You found it on level 8 of a ziggurat)
 80278 | Zig:9    | Entered Level 9 of a ziggurat
 80301 | Zig:9    | Noticed Vidiiot's ghost (master NaWz)
 80328 | Zig:9    | Reached skill level 10 in Dodging
 80829 | Depths:3 | Found Buykaduo's Assorted Antiques.
 81027 | Depths:3 | Found Duast's Book Shop.
 81123 | Depths:3 | Found Fomat's Jewellery Shoppe.
 81127 | Depths:3 | Found Poaddets's Armour Boutique.
 81173 | Depths:3 | Found Faricua's Book Shoppe.
 81267 | Depths:3 | Learned a level 3 spell: Ozocubu's Armour
 81315 | Depths:4 | Found a corrupted altar of Lugonu.
 81501 | Depths:5 | Entered Level 5 of the Depths
 81869 | Depths:1 | Voluntarily entered the Abyss.
 82503 | Abyss:1  | Reached XP level 26. HP: 255/255 MP: 45/45
 82789 | Depths:1 | Escaped the Abyss
 82805 | Depths:1 | Voluntarily entered the Abyss.
 82845 | Abyss:1  | Found a corrupted altar of Lugonu.
 83326 | Abyss:3  | Got an abyssal rune of Zot
 83331 | Abyss:3  | Reached skill level 10 in Stealth
 83590 | Depths:1 | Escaped the Abyss
 83932 | Depths:3 | Noticed an ancient lich
 83938 | Depths:3 | Killed an ancient lich
 84228 | Depths:3 | Found an ancient bone altar of Kikubaaqudgha.
 84357 | Depths:3 | Found Weehakh's Slaves and Accessories.
 84406 | Depths:3 | Found Jack's Jerk-a-riffic Jerky.
 84490 | Depths:3 | Found Couxtyr's Miraculous Elixirs.
 84547 | Depths:3 | Found The Legendary Zugguh's Legendary Smithy.
 85292 | Depths:5 | Found a gate to the Realm of Zot.
 86207 | Zot:1    | Entered Level 1 of the Realm of Zot
 87037 | Zot:4    | Reached XP level 27. HP: 198/268 MP: 5/46
 87222 | Zot:5    | Entered Level 5 of the Realm of Zot
 87229 | Zot:5    | Noticed mrath's ghost (legendary MiFi)
 87237 | Zot:5    | Killed mrath's ghost
 87578 | Zot:5    | Noticed an ancient lich
 87671 | Zot:5    | Killed an ancient lich
 87671 | Zot:5    | Reached skill level 20 in Spellcasting
 87724 | Zot:5    | Noticed an ancient lich
 87728 | Zot:5    | Killed an ancient lich
 87861 | Zot:5    | Noticed an ancient lich
 87867 | Zot:5    | Killed an ancient lich
 88016 | Zot:3    | Got a shimmering blowgun
 88018 | Zot:3    | Identified the +7 blowgun "Iradenomn" {evade, Str+3} (You found it on level 3 of the Realm of Zot)
 88222 | Zot:3    | Noticed Tiamat
 88295 | Zot:3    | Killed Tiamat
 88897 | Zot:3    | Got a pitted wooden ring
 88984 | Zot:3    | Identified the ring of Greed {SustAt Int+4} (You found it on level 3 of the Realm of Zot)
 89389 | Zot:5    | Noticed glosham's ghost (legendary DDMo)
 89397 | Zot:5    | Killed glosham's ghost
 89733 | Zot:4    | Reached skill level 21 in Fighting
 92023 | Depths:3 | Bought a book of the Earth for 780 gold pieces
 92034 | Depths:3 | Learned a level 6 spell: Iron Shot
 92951 | Vaults:5 | Entered Level 5 of the Vaults
 92993 | Vaults:5 | Noticed an ancient lich
 93013 | Vaults:5 | Killed an ancient lich
 93191 | Vaults:5 | Got a pair of fine gloves
 93192 | Vaults:5 | Identified the +1 pair of gloves of Boiling Hail {rN++} (You acquired it on level 5 of the Vaults)
 93323 | Vaults:5 | Noticed an ancient lich
 93391 | Vaults:5 | Killed an ancient lich
 93652 | Vaults:5 | Reached skill level 15 in Evocations
 93831 | Vaults:5 | Reached skill level 22 in Spellcasting
 94006 | Vaults:5 | Got a flickering ivory ring
 94007 | Vaults:5 | Identified the ring "Taam Iff" {rPois Slay+5} (You took it off a yaktaur on level 5 of the Vaults)
 94082 | Vaults:5 | Got a silver rune of Zot
 94109 | Vaults:5 | Noticed an ancient lich
 94113 | Vaults:5 | Killed an ancient lich
 94116 | Vaults:5 | Noticed an ancient lich
 94118 | Vaults:5 | Killed an ancient lich
 94160 | Vaults:5 | Noticed Boris
 94180 | Vaults:5 | Killed Boris
 94215 | Vaults:5 | Noticed an ancient lich
 94223 | Vaults:5 | Killed an ancient lich
 94491 | Vaults:5 | Got a faintly glowing cloak
 94493 | Vaults:5 | Identified the +1 cloak "Rinapef" {rC++} (You found it on level 5 of the Vaults)
 94646 | Vaults:5 | Learned a level 6 spell: Bolt of Fire
 94660 | Vaults:5 | Got a twisted shield
 94661 | Vaults:5 | Identified the +4 shield of Levity {Str+7 Dex+2 Slay-2 Stlth+} (You found it on level 5 of the Vaults)
 95070 | Vaults:5 | Got a steaming tin ring
 95073 | Vaults:5 | Identified the ring "Bofir" {+Fly rC+ MR+} (You took it off a deep elf death mage on level 5 of the Vaults)
 95992 | Depths:2 | Reached skill level 1 in Ice Magic
 96510 | Shoals:4 | Entered Level 4 of the Shoals
 96514 | Shoals:4 | Reached skill level 1 in Fire Magic
 96548 | Shoals:3 | Killed Louise
 96606 | Shoals:4 | Reached skill level 5 in Ice Magic
 96707 | Shoals:4 | Got a translucent bone ring
 96708 | Shoals:4 | Identified the cursed ring of Munkolum {-Tele rC++ Int-2 Dex+4} (You found it on level 4 of the Shoals)
 96747 | Shoals:4 | Noticed Ilsuiw
 96755 | Shoals:4 | Killed Ilsuiw
 96848 | Shoals:4 | Got a barnacled rune of Zot
 96866 | Shoals:4 | Got an ancient bone ring
 96867 | Shoals:4 | Identified the ring "Sidoxica" {Dex+3 SInv} (You found it on level 4 of the Shoals)
 96916 | Shoals:4 | Your ally Ilsuiw died
 97463 | Shoals:3 | Reached skill level 10 in Ice Magic
 97667 | Lair:1   | Learned a level 8 spell: Borgnjor's Revivification
 98038 | Tomb:1   | Entered Level 1 of the Tomb of the Ancients
 98197 | Tomb:1   | Reached skill level 5 in Fire Magic
100010 | Tomb:3   | Entered Level 3 of the Tomb of the Ancients
100229 | Tomb:3   | Reached skill level 15 in Ice Magic
100734 | Tomb:3   | Got a pitted double sword
100735 | Tomb:3   | Identified the cursed +1 double sword of Objectivity {antimagic, rPois} (You found it on level 3 of the Tomb of the Ancients)
100738 | Tomb:3   | Got a twisted blowgun
100739 | Tomb:3   | Identified the +7 blowgun of the Pillar {speed, +Fly rC+ Int+2} (You found it on level 3 of the Tomb of the Ancients)
100752 | Tomb:3   | Identified Sif Muna's Handbook of Changing and Poisoning
100764 | Tomb:3   | Got a transparent bronze ring
100765 | Tomb:3   | Identified the cursed ring of Olunymoi {rF+ Str-4} (You found it on level 3 of the Tomb of the Ancients)
100790 | Tomb:3   | Identified the Catalogue of Floating Aid (You found it on level 3 of the Tomb of the Ancients)
101071 | Tomb:3   | Reached skill level 10 in Fire Magic
101333 | Tomb:3   | Got a golden rune of Zot
102412 | Lair:1   | Learned a level 9 spell: Glaciate
102625 | Hell     | Entered the Vestibule of Hell
102625 | Hell     | Noticed Geryon
102631 | Hell     | Killed Geryon
103522 | Hell     | Found a gateway to the freezing wastes of Cocytus.
103597 | Hell     | Found a gateway to the Iron City of Dis.
103694 | Hell     | Found a gateway to the ashen valley of Gehenna.
103809 | Hell     | Found a gateway to the decaying netherworld of Tartarus.
104386 | Depths:3 | Bought a book of Ice for 1300 gold pieces
104742 | Zot:1    | Reached skill level 23 in Spellcasting
104750 | Zot:1    | Learned a level 6 spell: Bolt of Cold
106082 | Zot:2    | Noticed an ancient lich
106088 | Zot:2    | Killed an ancient lich
106179 | Zot:2    | Noticed an ancient lich
106188 | Zot:2    | Killed an ancient lich
107894 | Zot:5    | Noticed an ancient lich
107900 | Zot:5    | Killed an ancient lich
108008 | Zot:5    | Noticed an orb of fire
108019 | Zot:5    | Noticed an orb of fire
108043 | Zot:5    | Killed an orb of fire
108059 | Zot:5    | Killed an orb of fire
108226 | Zot:5    | Noticed an orb of fire
108241 | Zot:5    | Killed an orb of fire
108430 | Zot:5    | Noticed an orb of fire
109070 | Depths:4 | Cast into the Abyss (hell knight)
109316 | Depths:4 | Escaped the Abyss
110369 | Geh:1    | Entered Level 1 of Gehenna
111361 | Geh:7    | Entered Level 7 of Gehenna
111927 | Geh:7    | Noticed Asmodeus
111957 | Geh:7    | Killed Asmodeus
112053 | Geh:7    | Got an obsidian rune of Zot
112075 | Geh:7    | Identified Sif Muna's Almanac of Conjuration and Air (You found it on level 7 of Gehenna)
112081 | Geh:7    | Upgraded the game from 0.17-a0-2109-g117576f to 0.17-a0-2118-g63bad21
112177 | Geh:7    | Reached skill level 24 in Ice Magic
112433 | Pan      | Entered Pandemonium
112638 | Pan      | Found an exit through the horrors of the Abyss.
112688 | Pan      | Noticed Ulubb the pandemonium lord
112701 | Pan      | Killed Ulubb the pandemonium lord
113231 | Pan      | Noticed Wus Zuec the pandemonium lord
113236 | Pan      | Killed Wus Zuec the pandemonium lord
113341 | Pan      | Reached skill level 25 in Ice Magic
113359 | Depths:2 | Escaped Pandemonium
113420 | Pan      | Entered Pandemonium
114316 | Pan      | Got an encrusted large shield
114448 | Pan      | Identified the +0 large shield of the Snake Pit {rPois Dex+4 Slay+3 Stlth-} (You took it off a daeva in Pandemonium)
114490 | Pan      | Found a white marble altar of Elyvilon.
115851 | Pan      | Found a glowing silver altar of Zin.
115979 | Pan      | Noticed a seraph
115984 | Pan      | Killed a seraph
116062 | Pan      | Found a glowing golden altar of the Shining One.
116126 | Pan      | Got a demonic rune of Zot
116665 | Pan      | Found an exit through the horrors of the Abyss.
116686 | Pan      | Found an exit through the horrors of the Abyss.
117562 | Pan      | Noticed Jiumaw the pandemonium lord
118003 | Pan      | Gained mutation: You are somewhat resistant to both further mutation and mutation removal. [potion of beneficial mutation]
118036 | Pan      | Noticed Eciropt the pandemonium lord
118147 | Pan      | Noticed Bepsa the pandemonium lord
118153 | Pan      | Killed Bepsa the pandemonium lord
118353 | Pan      | Entered the realm of Lom Lobon.
118845 | Pan      | Noticed Lom Lobon
118875 | Pan      | Killed Lom Lobon
119180 | Pan      | Got a magical rune of Zot
119314 | Pan      | Found an exit through the horrors of the Abyss.
119480 | Pan      | Entered the realm of Cerebov.
120003 | Pan      | Noticed Cerebov
120027 | Pan      | Killed Cerebov
120080 | Pan      | Identified the Compendium of Unholy Secrets (You found it in Pandemonium)
120123 | Pan      | Identified Dimiuth's Almanac of Transmutation and Intoxication
120182 | Pan      | Identified the Incunabulum of Lightness (You found it in Pandemonium)
120230 | Pan      | Got a pair of translucent gloves
120231 | Pan      | Identified the +1 pair of gloves of Paranoia {rC- SInv Stlth+} (You found it in Pandemonium)
120258 | Pan      | Got a pair of brightly glowing boots
120259 | Pan      | Identified the cursed +0 pair of boots of Miracles {*Contam rPois Int+4 Dex+4} (You found it in Pandemonium)
120310 | Pan      | Got a fiery rune of Zot
120345 | Pan      | Learned a level 4 spell: Passage of Golubria
120373 | Pan      | Found an exit through the horrors of the Abyss.
120445 | Pan      | Entered the realm of Mnoleg.
120447 | Pan      | Got a glowing rune of Zot
120497 | Pan      | Noticed Mnoleg
120505 | Pan      | Killed Mnoleg
120710 | Pan      | Found a runed door.
120762 | Pan      | Found a runed door.
120775 | Pan      | Found a runed door.
120795 | Pan      | Noticed Xiunk the pandemonium lord
120811 | Pan      | Killed Xiunk the pandemonium lord
120818 | Pan      | Found a runed door.
120825 | Pan      | Got an ancient copper ring
120826 | Pan      | Identified the ring "Ranu" {Wiz +Blink Dex-5 SInv} (You found it in Pandemonium)
121480 | Pan      | Found an exit through the horrors of the Abyss.
121651 | Pan      | Found an exit through the horrors of the Abyss.
121655 | Pan      | Took an exit into the Abyss.
121655 | Abyss:1  | Escaped into the Abyss
121655 | Abyss:1  | Found a corrupted altar of Lugonu.
121770 | Depths:2 | Escaped the Abyss
121797 | Pan      | Entered Pandemonium
121852 | Pan      | Found an exit through the horrors of the Abyss.
121933 | Pan      | Noticed Kidworal the pandemonium lord
121937 | Pan      | Killed Kidworal the pandemonium lord
121937 | Pan      | Reached skill level 5 in Translocations
122047 | Pan      | Entered the realm of Gloorx Vloq.
122254 | Pan      | Found an exit through the horrors of the Abyss.
122791 | Pan      | Noticed Gloorx Vloq
122806 | Pan      | Killed Gloorx Vloq
122831 | Pan      | Got a dark rune of Zot
123108 | Pan      | Reached skill level 26 in Spellcasting
123475 | Pan      | Took an exit into the Abyss.
123475 | Abyss:1  | Escaped into the Abyss
123568 | Depths:2 | Escaped the Abyss
124256 | D:14     | Bought a potion of curing for 42 gold pieces
124256 | D:14     | Bought a potion of haste for 140 gold pieces
124256 | D:14     | Bought a potion of curing for 42 gold pieces
124424 | Vaults:3 | Bought a potion of brilliance for 136 gold pieces
124424 | Vaults:3 | Bought a potion of haste for 340 gold pieces
124507 | Vaults:3 | Bought a potion of brilliance for 40 gold pieces
124507 | Vaults:3 | Bought a potion of agility for 40 gold pieces
124507 | Vaults:3 | Bought a potion of curing for 30 gold pieces
124507 | Vaults:3 | Bought a potion of curing for 30 gold pieces
124816 | Tar:1    | Entered Level 1 of Tartarus
125275 | Tar:7    | Entered Level 7 of Tartarus
125325 | Tar:7    | Got a translucent iron ring
125327 | Tar:7    | Identified the ring of Agnosticism {+/*Tele rF+} (You found it on level 7 of Tartarus)
125815 | Tar:7    | Reached skill level 15 in Polearms
126149 | Tar:7    | Noticed Ereshkigal
126183 | Tar:7    | Killed Ereshkigal
126271 | Tar:7    | Got a bone rune of Zot
126511 | Dis:1    | Entered Level 1 of the Iron City of Dis
127767 | Dis:7    | Entered Level 7 of the Iron City of Dis
128215 | Dis:7    | Noticed the Serpent of Hell
128262 | Dis:7    | Killed the Serpent of Hell
128346 | Dis:7    | Reached skill level 15 in Dodging
128483 | Dis:7    | Noticed Dispater
128511 | Dis:7    | Killed Dispater
128612 | Dis:7    | Got a faintly glowing silver ring
128613 | Dis:7    | Identified the ring of Wamas {+/*Tele rF+ rN+ MP+9 Int+4} (You found it on level 7 of the Iron City of Dis)
128617 | Dis:7    | Got an iron rune of Zot
128771 | Coc:1    | Entered Level 1 of Cocytus
129012 | Coc:7    | Entered Level 7 of Cocytus
129114 | Coc:7    | Noticed Antaeus
129116 | Coc:7    | Got an icy rune of Zot
129517 | Zot:5    | Killed an orb of fire
129607 | Zot:5    | Got the Orb of Zot
130132 | D:9      | Noticed Xedo the pandemonium lord
130167 | D:9      | Killed Xedo the pandemonium lord
130320 | D:2      | Noticed Natasha
130321 | D:2      | Killed Natasha
130369 | D:$      | Escaped with the Orb!

Vault maps used:
D:1:      minmay_arrival_diagonal_passages
D:2:      minivault_19, kennysheep_nub, uniq_terence, uniq_natasha,
          uniq_crazy_yiuf_cottage, uniq_jessica
D:3:      cheibrodos_ashenzari_chains, first_bread, feat_on_display
D:4:      nicolae_overflow_crystal_walls, minmay_temple_entry_purple_smoke
D:5:      grunt_temple_overflow_order_and_chaos_2, lemuel_crystal_altar,
          kennysheep_mini, serial_shops, shop, nicolae_shop_crystal,
          hangedman_decor_peaks_small, uniq_blork_the_orc
D:6:      kennysheep_housing_project, kb_xom_exploding_sheep,
          nicolae_ossuary_entry_monument, serial_bayou_pond_a, st_stairs_10,
          nrook_loot_triangle
D:7:      nicolae_qazlal_eye_of_the_storm, led_sif_pool
D:8:      serial_bayou, serial_bayou_pond_c, serial_bayou_shore_b,
          serial_bayou_lagoon_a, serial_bayou_lagoon_b, basic_altar,
          hangedman_little_slice_of_home, okawaru_humans, uniq_maurice,
          uniq_psyche
D:9:      gammafunk_temple_overflow_statue, orc_0_dummy, amalloy_card_club
D:10:     hangedman_decor_riveting, laboratory
D:11:     erik_lair_orcish_takeover, lab_entry_generic,
          kennysheep_generic_room_14
D:13:     david_vaults_3, serial_glass, glass_columns_b, glass_columns_a,
          feat_on_display, due_unseen_surprise, uniq_nessos, uniq_maud
D:14:     serial_shops, nicolae_shop_behind_doors, shop_scrolls, shop_fountains,
          kennysheep_crisscross, lemuel_flamethrower_3
D:15:     gammafunk_enter_depths_forms,
          nicolae_dithmenos_through_a_glass_darkly, serial_shops, shop, shop,
          nrook_mini_backslash, uniq_roxanne
Temple:   grunt_temple_mini_profane_8
Lair:1:   grunt_megastairs_5, uniq_joseph
Lair:2:   portal_ice_cave_entry_imps, uniq_nergalle
Lair:3:   minmay_snake_entry_guardpost_medium
Lair:4:   minivault_23, lemuel_fruit_tree, serial_bayou_shore_a, uniq_snorg
Lair:5:   patterned_corridor, grunt_megastairs_3
Lair:6:   minmay_lair_oklob_chamber, minmay_shoals_entry_hut,
          nicolae_slime_entry_slimehenge
Lair:7:   lemuel_fruit_fields, serial_bayou_shore_b, serial_bayou_shore_b
Lair:8:   due_jungle_book, uniq_josephine
Shoals:1: ldierk_geyser, hangedman_shoal_octodias
Shoals:2: serial_shops, shop_fountains, uniq_polyphemus
Shoals:3: nicolae_shoals_kraken_intersection, uniq_louise, uniq_donald
Shoals:4: shoals_end_simple, shoals_ilsuiw_alternative
Snake:1:  basic_altar, nicolae_snake_biting_tails
Snake:2:  nicolae_snake_serpentine_hallways
Snake:4:  snake_pit
Slime:3:  nicolae_slime_welcoming_committee
Orc:1:    uniq_fannar
Orc:3:    nicolae_orc_pool_cavern, nicolae_orc_stony_grotto, uniq_sonja
Orc:4:    grunt_orc_community_town_hall, grunt_orc_community_big_house_2,
          grunt_orc_community_big_house_1, grunt_orc_community_house_1,
          grunt_orc_community_house_2, grunt_orc_community_house_3,
          grunt_orc_community_house_2, grunt_orc_community_house_2,
          grunt_orc_community_house_3, serial_shops, nicolae_shop_stone,
          uniq_saint_roka
Elf:1:    lightli_enter_wizlab_magi_temple, serial_shops, shop
Elf:2:    uniq_jorgrun
Elf:3:    elf_hall
Vaults:1: vaults_room_grid, vaults_mumra_chevron, hangedman_vaults_unwind,
          nicolae_vaults_ninety_degrees, nicolae_vaults_big_angled_halls,
          nicolae_vaults_windows_and_doors_thing, ontoclasm_vaults_ring_large,
          hangedman_vaults_snaps, nicolae_vaults_asterisk,
          nicolae_vaults_little_squares_2, nicolae_vaults_twisting_passages,
          hangedman_vaults_variations, vaults_room_hallway,
          ontoclasm_vaults_ring_square, vaults_dpeg_ring, serial_shops,
          shop_fountains
Vaults:2: v_misc_4, vaults_room_semicircle, vaults_room_door_hall,
          hangedman_vaults_locks, nicolae_vaults_yaktaur_gun_rack,
          vaults_mumra_hexcomb, ontoclasm_vaults_claustrophobia,
          nicolae_vaults_little_squares_1, vaults_room_fancy_cross,
          vaults_room_pool, v_misc_5, special_room_vaults,
          serial_hangedman_research, hangedman_research_thermodynamics,
          hangedman_research_convocations, hangedman_research_electronics,
          hangedman_research_thanatology, hangedman_research_pyrotechnics
Vaults:3: nicolae_vaults_mini_display_case, nicolae_vaults_circle_grid_b,
          nicolae_vaults_stairing_the_circle, hangedman_vaults_pinch,
          vaults_room_large_hall, v_alt_pattern_5, nicolae_vaults_theta,
          v_misc_12, nicolae_vaults_know_your_exits, vaults_room_pools,
          v_misc_15, hangedman_vaults_stitches, ontoclasm_vaults_ring_large,
          nicolae_vaults_gold_heap, minmay_crypt_entry_simple_box,
          vaults_room_hallway, serial_shops, nicolae_shop_trees, shop, shop,
          shop, uniq_xtahua, uniq_mennas
Vaults:4: ontoclasm_vaults_loading_screen, ontoclasm_vaults_misaligned,
          dpeg_vaults_monster_row, v_misc_10, v_rooms_2,
          vaults_standard_mumra_enter_the_diamond, v_misc_1, v_pattern_1,
          serial_shops, shop, uniq_frederick, uniq_boris, uniq_jory
Vaults:5: serial_shops, uniq_boris
Crypt:1:  roderic_lattice_octagonal_star, uniq_aizul
Crypt:2:  weyrava_lich_vault
Crypt:3:  quadcrypt_mu
Tomb:2:   uniq_boris
Depths:1: lemuel_round_altar, serial_shops, nicolae_shop_scaring_up_business,
          shop, nicolae_shop_behind_doors, shop, kennysheep_mini_moat,
          abyss_entry_small_statue_room, hell_entry, grunt_ministairs_12,
          serial_bayou_pond_d, serial_sigils_hangedman_writhe,
          kennysheep_doodads, bh_walls_and_bars, uniq_sojobo, uniq_norris,
          uniq_wiglaf
Depths:2: grunt_x_marks_the_spot, enter_ziggurat_e, hell_entry, pan_entry,
          nicolae_two_hexagons, minmay_misc_feat_ornament,
          hangedman_elemental_death_ray, minmay_staircase_windowed_small
Depths:3: grated_community_mu, minmay_room_of_horrors,
          serial_sigils_hangedman_quiver, hell_entry, serial_shops, shop, shop,
          shop, shop_coins, shop, pan_entry, infiniplex_staircase_spiral
Depths:4: nooodl_heptagram, hangedman_decor_slide_cut, hell_entry,
          abyss_entry_flame_altar, infiniplex_staircase_spiral_double
Depths:5: grunt_zot_entry_bicorn, pf_vacation_house_of_asmodeus, abyss_entry,
          minmay_crystal_water, grunt_megastairs_2
Dis:3:    hangedman_dis_chains
Dis:4:    lemuel_mystery_crypt
Dis:6:    nicolae_dis_iron_filings
Dis:7:    iron_city_of_dis
Geh:2:    hangedman_generic_boss_arena
Geh:5:    lemuel_elevator
Geh:6:    evilmike_ambush
Geh:7:    geh_mu
Coc:3:    serial_ice
Coc:7:    coc_mu
Tar:2:    nicolae_tar_cuneiform_bread
Tar:3:    door_vault
Tar:7:    tar_mu
Zot:2:    hangedman_zot_vaults_quadrants
Zot:3:    grunt_ministairs_7, st_grand_hoard_of_tiamat
Zot:4:    zot_minivault_6
Zot:5:    basic_stair_grate_trap
Abyss:1:  due_exit_kobolds, bh_abyss_exit_choice, minivault_23
Abyss:2:  evilmike_abyss_exit_vortex
Abyss:3:  evilmike_abyss_rune_curve, abyss_fake_exit
Pan:      rand_demon_6, nicolae_pan_cerebovesque_4, evilmike_mini_pan_3x3,
          nicolae_pan_lom_lobonic_4, evilmike_holy_pan,
          evilmike_mini_pan_other_thingy, evilmike_mini_pan_rooms, rand_demon_6,
          nicolae_pan_strange_glyphs, grunt_pan_spiral, grunt_pan_in_and_out,
          pan_blood_fountain_small, rand_demon_6, evilmike_mini_pan_pillars_b,
          reaverb_pan_squares, nicolae_pan_cerebovesque_3, rand_demon_2,
          pan_blood_fountain_small, evilmike_mini_pan_other_thingy,
          nicolae_pan_double_arrow, pan_blood_fountain,
          pan_blood_fountain_small, grunt_pan_spiral, pan_blood_fountain_small,
          evilmike_mini_pan_pillars_b, pan_blood_fountain_small, rand_demon_9,
          rand_demon_6, enter_ziggurat_pan_d, lom_lobon_grunt_wind_tunnels,
          evilmike_cerebov_lava, evilmike_mnoleg_eyes, pan_blood_fountain_small,
          pan_blood_fountain, evilmike_mini_pan_3x3, grunt_pan_frozen_over,
          rand_demon_7, evilmike_mini_pan_diamond, grunt_pan_in_and_out,
          evilmike_mini_pan_corner, evilmike_mini_pan_diamond,
          evilmike_mini_pan_murderfest, pan_blood_fountain,
          evilmike_mini_pan_pillars_b, evilmike_gloorx_vloq_box
Zig:2:    ziggurat_pillar_centre_c
Zig:8:    ziggurat_pillar_centre_oklobs
Zig:9:    ziggurat_pillar_centre_smoke
Ossuary:  ossuary_tomb_1
IceCv:    ice_cave_small_dragons
WizLab:   wizlab_cloud

Action                   |  1- 3 |  4- 6 |  7- 9 | 10-12 | 13-15 | 16-18 | 19-21 | 22-24 | 25-27 || total
-------------------------+-------+-------+-------+-------+-------+-------+-------+-------+-------++-------
Melee: Unarmed           |     8 |       |       |       |       |       |       |       |       ||     8
       Mace              |       |    28 |   281 |   191 |       |       |       |       |       ||   500
       Quarterstaff      |       |     9 |       |       |       |       |       |       |       ||     9
       Short sword       |       |       |       |   102 |   317 |    12 |       |       |       ||   431
       Staff             |       |       |       |    10 |       |       |    19 |       |       ||    29
       Demon trident     |       |       |       |       |   484 |  1058 |  1406 |  1684 |  7026 || 11658
       Sacred scourge    |       |       |       |       |       |       |       |       |     4 ||     4
 Fire: Blowgun           |       |       |       |       |       |       |     3 |       |       ||     3
Throw: Stone             |     3 |     3 |       |       |       |       |       |       |       ||     6
       Throwing net      |       |       |     2 |     2 |       |       |       |     1 |       ||     5
       Javelin           |       |       |       |     9 |       |       |       |       |       ||     9
 Cast: Magic Dart        |    87 |   154 |   412 |   449 |    74 |     2 |     1 |       |       ||  1179
       Call Imp          |    11 |    10 |       |       |       |       |       |       |       ||    21
       Blink             |     3 |       |     1 |    14 |     1 |     2 |    13 |     5 |    10 ||    49
       Repel Missiles    |     1 |       |     1 |     1 |     3 |    14 |     4 |     4 |    17 ||    45
       Mephitic Cloud    |       |     6 |    19 |    11 |     1 |       |       |       |       ||    37
       Conjure Flame     |       |       |    14 |    57 |     9 |    14 |    13 |    25 |     3 ||   135
       Vampiric Draining |       |       |     4 |     5 |       |       |       |       |       ||     9
       Corpse Rot        |       |       |     2 |     3 |     1 |     7 |       |       |       ||    13
       Animate Dead      |       |       |       |    23 |    44 |    66 |    44 |    28 |   107 ||   312
       Bolt of Draining  |       |       |       |   106 |   365 |   389 |   230 |   245 |   347 ||  1682
       Dispel Undead     |       |       |       |       |    29 |     9 |   182 |    33 |   314 ||   567
       Lee's Rapid Decon |       |       |       |       |     6 |     2 |    41 |    13 |   159 ||   221
       Stone Arrow       |       |       |       |       |     2 |     9 |    10 |       |     1 ||    22
       Death Channel     |       |       |       |       |       |       |     9 |    10 |    20 ||    39
       Sublimation of Bl |       |       |       |       |       |       |    15 |     3 |   233 ||   251
       Animate Skeleton  |       |       |       |       |       |       |     6 |     5 |     2 ||    13
       Regeneration      |       |       |       |       |       |       |       |    12 |   294 ||   306
       Song of Slaying   |       |       |       |       |       |       |       |     3 |       ||     3
       Stoneskin         |       |       |       |       |       |       |       |     2 |     1 ||     3
       Orb of Destructio |       |       |       |       |       |       |       |     1 |    72 ||    73
       Apportation       |       |       |       |       |       |       |       |       |    21 ||    21
       Ozocubu's Armour  |       |       |       |       |       |       |       |       |   163 ||   163
       Spectral Weapon   |       |       |       |       |       |       |       |       |   240 ||   240
       Bolt of Cold      |       |       |       |       |       |       |       |       |   418 ||   418
       Iron Shot         |       |       |       |       |       |       |       |       |   193 ||   193
       Glaciate          |       |       |       |       |       |       |       |       |   103 ||   103
       Bolt of Fire      |       |       |       |       |       |       |       |       |    70 ||    70
       Passage of Golubr |       |       |       |       |       |       |       |       |     1 ||     1
Invok: Receive Corpses   |       |       |       |     4 |     3 |     1 |     7 |    10 |    39 ||    64
       Receive Necronomi |       |       |       |       |     1 |       |       |       |       ||     1
       Torment           |       |       |       |       |       |       |       |       |     1 ||     1
 Abil: Spit Acid         |       |       |     3 |     1 |     1 |       |       |       |       ||     5
Evoke: Wand              |       |     1 |     3 |    17 |     5 |    15 |    12 |     7 |    49 ||   109
       Lamp of fire      |       |       |       |       |       |       |     3 |     1 |     6 ||    10
       Sack of spiders   |       |       |       |       |       |       |     2 |       |       ||     2
       Phial of floods   |       |       |       |       |       |       |       |     1 |     1 ||     2
       Box of beasts     |       |       |       |       |       |       |       |       |     3 ||     3
       Phantom mirror    |       |       |       |       |       |       |       |       |     2 ||     2
       Deck              |       |       |       |       |       |       |       |       |     1 ||     1
       Horn of Geryon    |       |       |       |       |       |       |       |       |     1 ||     1
  Use: Scroll            |       |     4 |    13 |    16 |    24 |     8 |     8 |    26 |    78 ||   177
       Potion            |       |       |       |     3 |     4 |     3 |     4 |    16 |    49 ||    79
 Stab: Confused          |       |     3 |     3 |       |       |       |       |       |       ||     6
       Sleeping          |       |     1 |     2 |     2 |     7 |     2 |     7 |    22 |    41 ||    84
       Petrified         |       |     1 |       |       |       |       |       |       |       ||     1
       Invisible         |       |       |       |     1 |       |       |       |    11 |     7 ||    19
       Distracted        |       |       |       |     1 |     4 |     7 |    11 |    15 |    94 ||   132
       Paralysed         |       |       |       |       |     2 |     7 |       |       |       ||     9
       Betrayed ally     |       |       |       |       |       |       |       |       |     1 ||     1
  Eat: Chunk             |     4 |     9 |    17 |    23 |    62 |    36 |    26 |    14 |    15 ||   206
       Beef jerky        |       |     1 |     1 |     1 |     2 |     6 |     2 |     2 |    15 ||    30
       Pizza             |       |       |     1 |     2 |       |       |     1 |     2 |     7 ||    13
       Fruit             |       |       |       |     3 |     7 |     6 |     7 |    10 |    10 ||    43
       Bread ration      |       |       |       |     2 |     1 |     3 |     5 |     1 |    11 ||    23
       Royal jelly       |       |       |       |     3 |     2 |     7 |       |       |     6 ||    18
       Meat ration       |       |       |       |       |       |       |       |     4 |    25 ||    29
